 Dungeon Crawl Stone Soup version 0.28.0-45-g0d030f2227 (webtiles) character file.

Game seed: 7646902087384858854

24 McKennaii the Conjurer (level 2, 19/19 HPs)
             Began as a Demonspawn Conjurer on Apr 14, 2022.
             Quit the game on level 1 of the Dungeon.
             The game lasted 00:00:13 (674 turns).

McKennaii the Conjurer (Demonspawn Conjurer)         Turns: 674, Time: 00:00:14

Health: 19/19      AC:  2    Str:  7    XL:     2   Next: 79%
Magic:  1/5        EV: 12    Int: 19    God:
Gold:   55         SH:  0    Dex: 11    Spells: 5/6 levels left

rFire   . . .      SeeInvis .   (no weapon)
rCold   . . .      Faith    .   (no shield)
rNeg    . . .      Spirit   .   a - +0 robe
rPois   .          Reflect  .   (no helmet)
rElec   .          Harm     .   (no cloak)
rCorr   .          Rampage  .   (no gloves)
Will    .....                   (no boots)
Stlth   ++........              (no amulet)
HPRegen 0.06/turn               (no ring)
MPRegen 0.09/turn               (no ring)

@: no status effects
A: spiny 1
a: no special abilities


You were on level 1 of the Dungeon.
You visited 1 branch of the dungeon, and saw 1 of its levels.

You collected 55 gold pieces.

Inventory:

Armour
 a - a +0 robe (worn)
Scrolls
 c - a scroll of silence {unknown}
Potions
 b - a potion of flight {unknown}


   Skills:
 - Level 1.7 Dodging
 - Level 1.7 Stealth
 + Level 2.6 Spellcasting
 + Level 4.4 Conjurations


You had 5 spell levels left.
You knew the following spells:

 Your Spells              Type           Power      Damage    Failure   Level
a - Magic Dart            Conj           76%        1d6       2%          1

Your spell library contained the following spells:

 Spells                   Type           Power      Damage    Failure   Level
 Searing Ray              Conj           38%        2d5       3%          2
 Shock                    Conj/Air       44%        1d5       6%          1
 Animate Skeleton         Necr           4%         N/A       16%         1
 Pain                     Necr           8%         1d4       16%         1
 Dazzling Flash           Conj/Hex       22%        N/A       19%         3
 Swiftness                Air            2%         N/A       43%         3
 Vampiric Draining        Necr           2%         2d6       43%         3
 Fulminant Prism          Conj/Hex       5%         3d7       54%         4
 Iskenderun's Mystic Bla  Conj/Tloc      11%        2d4       54%         4
 Airstrike                Air            1%         N/A       85%         4


Dungeon Overview and Level Annotations

Branches:
Dungeon (1/15)

Altars:


Innate Abilities, Weirdness & Mutations

You are partially covered in sharp spines.


Message History

You see here a +0 club.
You now have 37 gold pieces (gained 13).
Found a stone staircase leading down.
You can't see any susceptible monsters within range! (Use Z to cast anyway.)
A ball python comes into view.
The magic dart hits the ball python.
The ball python is moderately wounded.
The ball python hisses angrily.
A ball python is nearby!
The magic dart hits the ball python.
You kill the ball python!
A hobgoblin comes into view.
The hobgoblin shouts!
The magic dart hits the hobgoblin.
The hobgoblin is almost dead.
A hobgoblin is nearby!
The magic dart hits the hobgoblin.
You kill the hobgoblin!
You now have 48 gold pieces (gained 11).
c - a scroll labelled TIFEPS ONAFE You can't see any susceptible monsters within range! (Use Z to cast anyway.)
You now have 55 gold pieces (gained 7).
Found a leather armour.
You can't see any susceptible monsters within range! (Use Z to cast anyway.)
You see here a +0 leather armour.
A gnoll comes into view. It is wielding a +0 flail.
The magic dart hits the gnoll.
The gnoll is heavily wounded.
The gnoll shouts!
A gnoll is nearby!
The magic dart hits the gnoll.
The gnoll is severely wounded.
A gnoll is nearby!
The magic dart hits the gnoll.
The gnoll is almost dead.
The gnoll completely misses you.
A gnoll is nearby!
The magic dart hits the gnoll.
You kill the gnoll!
Are you sure you want to abandon this character and quit the game? (Confirm with "yes".)

#.. ###.. ##.#..
##.....
+++++#########......
...................
#.#.#########.....#
#)#.####### ##...##
#.@.......# ##.###
###.......# #....
######..# #..## #..#
#..# #[.#####..##
#...........
#.########## #.# #.#


There were no monsters in sight!

Vanquished Creatures
  A gnoll (D:1)
  A goblin (D:1)
  2 hobgoblins (D:1)
  2 jackals (D:1)
  A quokka (D:1)
  3 ball pythons (D:1)
  2 frilled lizards (D:1)
  A rat (D:1)
13 creatures vanquished.

Notes
Turn   | Place    | Note
-------+----------+-------------------------------------------
     0 | D:1      | McKennaii the Demonspawn Conjurer began the quest for the
                  | Orb.
     0 | D:1      | Reached XP level 1. HP: 13/13 MP: 3/3
   356 | D:1      | Gained mutation: You are partially covered in sharp spines.
                  | [demonic ancestry]
   356 | D:1      | Reached XP level 2. HP: 16/19 MP: 1/5
   674 | D:1      | Quit the game

Illustrated notes

Levels and vault maps discovered:
D:1:      dpeg_arrival_another_circle, layout_loops_ring,
          hellmonk_ecumenical_altar_heavens_door

Action                   || total
-------------------------++-------
Melee: Unarmed           ||     1
 Cast: Magic Dart        ||    26
Dodge: Dodged            ||     3
